 Dungeon Crawl Stone Soup version 0.18-a0-1730-g73f0523 (webtiles) character file.

282 M4edhros the Sneak (level 6, 0/38 HPs)
             Began as an Octopode Artificer on Apr 10, 2016.
             Succumbed to a scorpion's poison
             ... on level 4 of the Dungeon.
             The game lasted 00:03:59 (3102 turns).

M4edhros the Sneak (Octopode Artificer)             Turns: 3102, Time: 00:04:00

Health: 0/38       AC:  1    Str:  9 (12) XL:     6   Next: 28%
Magic:  8/8        EV: 12    Int: 14      God:
Gold:   94         SH:  0    Dex: 14 (15) Spells: 0 memorised, 5 levels left

rFire  . . .     SeeInvis .     p - -3 spear (curse)
rCold  . . .     Gourm    .     (no shield)
rNeg   . . .     Faith    .     (helmet restricted)
rPois  .         Spirit   .     (no amulet)
rElec  .         Dismiss  .     m - +2 ring of strength
rCorr  .         Reflect  .     h - ring of wizardry
SustAt .         Harm     .     (no ring)
MR     .....                    (no ring)
Stlth  +++++.....               (no ring)
                                (no ring)
                                (no ring)
                                (no ring)

@: lethally poisoned (0 -> -10), not resistant to hostile enchantments, quite
stealthy
A: almost no armour, amphibious, 8 rings, constrict 8, camouflage 1, gelatinous
body 1
a: no special abilities


You were on level 4 of the Dungeon.
You were not hungry.

You visited 1 branch of the dungeon, and saw 4 of its levels.

You collected 94 gold pieces.

Inventory:

Hand Weapons
 a - a +0 short sword
 j - a +1 hunting sling
 p - a cursed -3 spear (weapon)
Missiles
 e - 218 stones (quivered)
 k - 11 sling bullets
Magical Staves
 i - an uncursed staff of fire {unknown}
Jewellery
 h - a ring of wizardry (right tentacle)
 m - a +2 ring of strength (left tentacle)
Wands
 b - a wand of flame (13/48)
 c - a wand of enslavement (14/24)
 d - a wand of random effects (14/48)
 n - a wand of paralysis (2/24)
 o - a wand of digging (14/24)
Potions
 g - 2 potions of degeneration
Comestibles
 f - a bread ration
 l - a meat ration
 q - 2 beef jerkies


   Skills:
 - Level 1.0 Fighting
 - Level 1.0 Short Blades
 + Level 1.9 Polearms
 + Level 3.2 Slings
 - Level 2.0 Dodging
 + Level 6.5 Stealth
 - Level 3.2 Evocations


You had 5 spell levels left.
You didn't know any spells.

Dungeon Overview and Level Annotations

Branches:
Dungeon (4/15)
 Temple: D:4-7

Altars:
Makhleb
Nemelex Xobeh
Xom


Innate Abilities, Weirdness & Mutations

You cannot wear most types of armour.
You are amphibious.
You can wear up to eight rings at the same time.
You can use your tentacles to constrict eight enemies at once.
Your skin changes colour to match your surroundings (Stealth).
Your rubbery body absorbs attacks (AC +1).


Message History

You feel sick.
The helpless scorpion fails to defend itself.
You hit the scorpion.
The scorpion is severely wounded.
You constrict the scorpion.
* * * LOW HITPOINT WARNING * * *
You feel sick.
The helpless scorpion fails to defend itself.
You hit the scorpion.
You kill the scorpion!
You feel your intelligence returning.
* * * LOW HITPOINT WARNING * * *
You feel sick.
You closely miss the giant newt. Your grab misses the giant newt.
* * * LOW HITPOINT WARNING * * *
You feel sick. The giant newt bites you.
* * * LOW HITPOINT WARNING * * *
You hit the giant newt.
You kill the giant newt!
You die...

### #<# #.#
#.# #.# #@#
.########†#
..........#
###......#
#......#
#......#
........#
...)......#
..........#


There were no monsters in sight!

Vanquished Creatures
  A scorpion (D:4)
  A hound (D:2)
  Ijyb (D:3)
  7 adders
  3 gnolls (D:2)
  A worm (D:3)
  A dart slug (D:1)
  3 giant geckos
  7 orcs
  3 ball pythons
  5 bats
  3 giant cockroaches
  10 goblins
  6 hobgoblins
  A quokka (D:3)
  7 giant newts
  7 kobolds
  12 rats
79 creatures vanquished.

Notes
Turn   | Place    | Note
--------------------------------------------------------------
     0 | D:1      | M4edhros the Octopode Artificer began the quest for the Orb.
     0 | D:1      | Reached XP level 1. HP: 13/13 MP: 3/3
    13 | D:1      | Reached skill level 2 in Stealth
   275 | D:1      | Reached XP level 2. HP: 18/18 MP: 4/4
   285 | D:1      | Reached skill level 3 in Stealth
   684 | D:1      | Reached skill level 4 in Stealth
   707 | D:1      | Reached XP level 3. HP: 17/23 MP: 5/5
  1313 | D:2      | Reached skill level 1 in Slings
  1519 | D:2      | Reached XP level 4. HP: 28/28 MP: 6/6
  1566 | D:2      | Found a burning altar of Makhleb.
  1572 | D:2      | Reached skill level 5 in Stealth
  1805 | D:3      | Reached XP level 5. HP: 22/33 MP: 7/7
  1997 | D:3      | Found a shimmering altar of Xom.
  2282 | D:3      | Noticed Ijyb
  2307 | D:3      | Killed Ijyb
  2307 | D:3      | Reached skill level 1 in Polearms
  2565 | D:3      | Reached skill level 6 in Stealth
  2596 | D:3      | Found a sparkling altar of Nemelex Xobeh.
  2731 | D:3      | Reached XP level 6. HP: 26/38 MP: 8/8
  3101 | D:4      | HP: 1/38 [giant newt (2)]
  3102 | D:4      | Succumbed to a scorpion's poison

Vault maps used:
D:1:      minmay_arrival_up_and_down
D:2:      makhleb_heckhound_becter
D:3:      nemelex_xobeh_ov_fountains_minmay, xom_teletrap_fun, uniq_iyjb
D:4:      moated_statue, minmay_lizard_king, uniq_menkaure

Skill      XL: |  1  2  3  4  5 |
---------------+----------------+-----
Stealth        | 2 4 5 6 |  6.5
Slings         | 1 2 3 |  3.2
Polearms       | 1 |  1.9
Fighting       | |  1.0
Short Blades   | |  1.0
Dodging        | |  2.0
Evocations     | |  3.2

Action                   |  1- 3 |  4- 6 || total
-------------------------+-------+-------++-------
Melee: Short sword       |    53 |     3 ||    56
       Spear             |       |   140 ||   140
 Fire: Hunting sling     |     9 |       ||     9
Evoke: Wand              |     2 |     6 ||     8
  Use: Potion            |       |     5 ||     5
       Scroll            |       |     4 ||     4
 Stab: Sleeping          |     7 |     7 ||    14
       Paralysed         |       |     3 ||     3
  Eat: Chunk             |     1 |     6 ||     7
